 Dungeon Crawl Stone Soup version 0.30-b1-2-g02819fbbbe (webtiles) character file.

Game seed: 10159556849993088868

29106 MiniNoises the Protected (level 13, -2/183 HPs)
             Began as a Minotaur Fighter on July 20, 2023.
             Was a High Priest of Nemelex Xobeh.
             Slain by a lorocyproca (8 damage)
             ... on level 1 of the Abyss.
             The game lasted 01:21:52 (14782 turns).

MiniNoises the Protected (Minotaur Fighter)        Turns: 14782, Time: 01:21:54

Health: -2/183     AC: 30    Str: 31    XL:     13   Next: 13%
Magic:  0/12       EV:  2    Int:  5    God:    Nemelex Xobeh [*****.]
Gold:   958        SH:  7    Dex: 11    Spells: 12/12 levels left

rFire   . . .        w - +5 spear (freeze)
rCold   . . .        c - +1 buckler
rNeg    . . .        W - melded +18 Lear's hauberk
rPois   +            (helmet currently unavailable)
rElec   .            a - melded +0 cloak
rCorr   .            (gloves currently unavailable)
SInv    .            (boots currently unavailable)
Will    .....        A - amulet of guardian spirit
Stlth   ++           e - +4 ring of protection
HPRegen 0.50/turn    r - +6 ring of strength
MPRegen 0.13/turn

%: guardian spirit
@: tree-form, slowed, very slow
A: stationary, stasis, torment immunity, boosted hp, (horns 2), (retaliatory
headbutt)
a: Renounce Religion, Draw Escape, Draw Destruction, Draw Summoning, Triple
Draw, Deal Four, Stack Five


You were on level 1 of the Abyss.
You worshipped Nemelex Xobeh.
Nemelex Xobeh was extremely pleased with you.
You were a tree.
You visited 2 branches of the dungeon, and saw 15 of its levels.
You visited the Abyss 1 time.
You also visited: Gauntlet.

You collected 1006 gold pieces.
You spent 48 gold pieces at shops.

Inventory:

Hand Weapons
 w - a +5 spear of freezing (weapon)
 U - the +10 flail of the Poles {venom, rN++ Str+5}
   (You took it off a minotaur in a Gauntlet)

   Str:       It affects your strength (+5).
   rN:        It greatly protects you from negative energy.
Missiles
 b - 2 boomerangs of dispersal
 h - 157 stones (quivered)
 o - 6 throwing nets
 V - 6 silver javelins
Armour
 a - a +0 cloak (melded)
 c - a +1 buckler (worn)
 i - a +4 scale mail of poison resistance
 m - a +2 pair of gloves
 F - a +1 plate armour
 Q - the +0 pair of gloves "Kicer" {*Corrode rElec rC++ Slay+6}
   (You found it in a Gauntlet)

   Slay:      It affects your accuracy & damage with ranged weapons and melee
   (+6).
   rC:        It greatly protects you from cold.
   rElec:     It insulates you from electricity.
   *Corrode:  It may corrode you when you take damage.
 W - the +18 Lear's hauberk (melded)
   (You took it off a minotaur in a Gauntlet)
Jewellery
 e - a +4 ring of protection (left branch)
 l - a +6 ring of dexterity
 r - a +6 ring of strength (right branch)
 A - an amulet of guardian spirit (around neck)
 E - a +5 ring of evasion
 K - a ring of fire
 M - a ring of resist corrosion
 R - a ring of flight
 S - a ring of protection from cold
Wands
 f - a wand of flame (35)
 q - a wand of paralysis (22)
 L - a wand of iceblast (28)
 X - a wand of polymorph (11)
Scrolls
 g - 2 scrolls of silence
 j - 5 scrolls of blinking
 n - 6 scrolls of teleportation
 s - 2 scrolls of magic mapping
 t - 9 scrolls of identify
 y - 4 scrolls of fear
 B - a scroll of fog
 P - a scroll of enchant armour
Potions
 d - a potion of might
 u - a potion of lignification
 z - 5 potions of flight
 J - 2 potions of cancellation
 N - a potion of brilliance
 O - 3 potions of haste
Miscellaneous
 x - a phial of floods
 Y - a condenser vane (inert)


   Skills:
 + Level 13.1 Fighting
 + Level 14.4 Polearms
 + Level 0.1 Throwing
 + Level 14.5 Armour
 + Level 6.0 Dodging
 + Level 3.1 Stealth
 + Level 10.5 Shields
 + Level 0.4 Evocations


You had 12 spell levels left.
You didn't know any spells.
Your spell library contained the following spells:

 Spells                   Type           Power      Damage    Failure   Level
 Beastly Appendage        Tmut           0%         N/A       52%         1
 Freeze                   Ice            0%         1d3       52%         1
 Blink                    Tloc           0%         N/A       65%         2
 Cigotuvi's Dreadful Rot  Necr/Pois/Air  0%         N/A       65%         2
 Lesser Beckoning         Tloc           0%         N/A       65%         2
 Momentum Strike          Conj/Tloc      0%         3d8       65%         2
 Passwall                 Tmut/Erth      0%         N/A       65%         2
 Static Discharge         Conj/Air       0%         2-2/arc   65%         2
 Wereblood                Tmut           0%         N/A       65%         2
 Frozen Ramparts          Ice            0%         1d1       87%         3
 Hailstorm                Conj/Ice       0%         3d3       87%         3
 Ignite Poison            Fire/Tmut/Pois 0%         N/A       87%         3
 Spider Form              Tmut/Pois      0%         N/A       87%         3
 Airstrike                Air            0%         2d(0-16)  99%         4
 Animate Armour           Summ/Erth      0%         N/A       99%         4
 Manifold Assault         Tloc           0%         N/A       99%         4
 Sticky Flame             Conj/Fire      0%         2d3       99%         4
 Summon Lightning Spire   Summ/Air       0%         N/A       99%         4
 Fireball                 Conj/Fire      0%         3d3       100%        5
 Freezing Cloud           Conj/Ice/Air   0%         6-21      100%        5
 Iskenderun's Battlesphe  Conj           0%         2d6       100%        5
 Conjure Ball Lightning   Conj/Air       0%         3x3d6     100%        6
 Enfeeble                 Hex            0%         N/A       100%        7
 Orb of Destruction       Conj           0%         9d5       100%        7
 Storm Form               Tmut/Air       0%         N/A       100%        7
 Ignition                 Fire           0%         3d3       100%        8
 Maxwell's Capacitive Co  Air            0%         ∞         100%        8


Dungeon Overview and Level Annotations

Branches:
Dungeon (13/15)            Temple (0/1) D:6            Lair (2/5) D:10
  Swamp (0/4) Lair:2          Orc (0/2) D:12        Gauntlet (visited)
  Snake: Lair:2-3    Spider: Lair:2-3    Vaults: D:13-14

Altars:
Ashenzari
Cheibriados
Dithmenos
Elyvilon
Hepliaklqana
Makhleb
Nemelex Xobeh
Okawaru
Ru
Vehumet
Wu Jian
Jiyva

Shops:
D:1 *   D:5 ?

Portals:
Trove: D:12 (give 7 potions of haste)

Annotations:
D:3 3 runed translucent doors, Phaedo's ghost, novice MeCA
D:8 1 runed translucent door
D:13 Erolcha
Lair:1 3 runed translucent doors, Ucoamp's ghost, journeyman MiBe


Innate Abilities, Weirdness & Mutations

You are a tree.
Your roots penetrate the ground, keeping you stationary.
You cannot be teleported.
You are immune to unholy pain and torment.
Your maximum health is greatly increased.
Your equipment is partially melded.
((You have a pair of horns on your head.))
((You reflexively headbutt those who attack you in melee.))


Message History

You can't see anything.
Try to condense clouds anyway?
Okay, then.
You can't see anything.
Try to condense clouds anyway?
Clouds of noxious fumes condense around you!
The condenser dries out!
Something hits you but does no damage. Something hits you!
* * * LOW HITPOINT WARNING * * *
Something drains your vigour!
You feel as though you will be slow longer.
You draw a card...
You have drawn Velocity.
Nothing appears to happen.
Something hits you but does no damage. x2; You block something's attack.
Something hits you but does no damage.
You draw a card...
You have drawn the Cloud.
Clouds appear around you! Something hits you!
* * * LOW HITPOINT WARNING * * *
Something hits you but does no damage.
You cannot move.
Reach: w) +5 spear (freeze)
Press: ? - help, Dir - move target You hit something.
You freeze something. You block something's attack.
Something hits you but does no damage.
Reach: w) +5 spear (freeze)
Press: ? - help, Dir - move target You hit something.
You freeze something.
Something hits you but does no damage. x2
Reach: w) +5 spear (freeze)
Press: ? - help, Dir - move target You hit something.
You freeze something.
Reach: w) +5 spear (freeze)
Press: ? - help, Dir - move target You puncture something!
You freeze something. Something hits you but does no damage.
Something hits you!
* * * LOW HITPOINT WARNING * * *
Read: 5 scrolls of fear
Press: ? - help, Q - select action, (/) - cycle Dir - look around, f - activate
As you read the scroll of fear, it crumbles to dust.
You assume a fearsome visage.
Nothing appears to happen.
Something hits you!
You die...
Your body glows with a rainbow of weird colours and disappears.

. .. .. #..#
#.. ... # ....
#... .. _. ##
...# #
..##.##...#
.#.#.#.#.#..###
. #. .
.#.§..§.... ..
#.#§♣{§..... .
#.#∩#{##.#..#.
# # #.§.#
....## #
§.###.. #.
.#.#..# . . #
#... . .. ...
.#.. ..#.. .# .
. .


There were no monsters in sight!

Vanquished Creatures
  Snorg (D:12)
  A boulder beetle (D:12)
  3 two-headed ogres
  Urug (D:11)
  4 bog bodies (Lair:2)
  3 wizards (Gauntlet)
  2 cyclopes (D:12)
  2 manticores
  2 gargoyles (D:7)
  A torpor snail (Lair:2)
  5 cane toads
  An unseen horror (D:7)
  Psyche (D:9)
  A rime drake (Lair:2)
  A komodo dragon (D:12)
  2 ice devils (Lair:2)
  3 trolls
  A hornet (D:9)
  4 blink frogs (Lair:2)
  3 dream sheep (Lair:2)
  A black mamba zombie (Abyss:1)
  4 slime creatures
  A wyvern (D:10)
  A large abomination (Abyss:1)
  3 shadows (D:12)
  A vampire (D:11)
  Sigmund (D:2)
  4 wraiths
  36 yaks
  4 vampire mosquitoes
  An acid dragon (D:7)
  A swamp worm (Lair:2)
  6 water moccasins
  4 ice beasts
  3 sky beasts
  2 black bears
  3 orc warriors
  3 ogres
  7 centaurs
  2 phantoms
  7 bullfrogs
  2 kobold brigands (D:7)
  4 gnoll sergeants
  3 scorpions
  A troll zombie (D:12)
  4 killer bees (D:10)
  3 howler monkeys
  2 lava snakes (D:7)
  4 electric eels
  An iron imp (Abyss:1)
  7 jellies
  3 orc priests
  A gnoll bouda (D:9)
  A sleepcap (D:5)
  Terence (D:2)
  8 orc wizards
  7 iguanas
  6 ogre zombies (D:12)
  A mummy (D:12)
  Robin (D:3)
  6 adders
  18 gnolls
  8 shadow imps
  4 white imps
  2 ufetubi
  3 worms
  2 dart slugs
  21 orcs
  6 endoplasms
  8 giant cockroaches
  12 hobgoblins
  7 jackals
  11 kobolds
  10 quokkas
  11 ball pythons
  6 bats
  3 frilled lizards
  19 goblins
  3 goblin zombies (D:12)
  2 hobgoblin skeletons (D:12)
  2 hobgoblin zombies (D:12)
  5 orc skeletons (D:12)
  11 orc zombies (D:12)
  5 rats
382 creatures vanquished.

Vanquished Creatures (collateral kills)
  A minotaur (Gauntlet)
  A shadow (D:9)
  A yak (D:9)
3 creatures vanquished.

Vanquished Creatures (others)
  2 fungi (Lair:2)
  7 plants
9 creatures vanquished.

Grand Total: 394 creatures vanquished

Notes
Turn   | Place    | Note
-------+----------+-------------------------------------------
     0 | D:1      | MiniNoises the Minotaur Fighter began the quest for the
                  | Orb.
     0 | D:1      | Reached XP level 1. HP: 19/19 MP: 0/0
   207 | D:1      | Reached XP level 2. HP: 27/27 MP: 1/1
   871 | D:1      | Found Ceniyvuq's General Store.
   951 | D:1      | Reached XP level 3. HP: 33/33 MP: 2/2
  1372 | D:2      | Noticed Terence
  1389 | D:2      | Killed Terence
  1431 | D:2      | Noticed Sigmund
  1434 | D:2      | Reached XP level 4. HP: 34/40 MP: 3/3
  1466 | D:2      | Killed Sigmund
  1467 | D:2      | Reached skill level 1 in Dodging
  1467 | D:2      | Reached XP level 5. HP: 10/47 MP: 4/4
  1820 | D:2      | Reached skill level 5 in Armour
  2209 | D:3      | Reached XP level 6. HP: 53/53 MP: 5/5
  2290 | D:3      | Noticed Robin
  2305 | D:3      | Reached skill level 5 in Polearms
  2326 | D:3      | Killed Robin
  2616 | D:3      | Found a runed translucent gate.
  2617 | D:3      | Found a runed translucent gate.
  2617 | D:3      | Identified the +5 whip of Causality {freeze, rElec rC+
                  | Str-4 Int+5}
  2617 | D:3      | Noticed Phaedo's ghost (novice MeCA)
  2618 | D:3      | Found a runed translucent gate.
  3223 | D:4      | Found a sparkling altar of Nemelex Xobeh.
  3230 | D:4      | Became a worshipper of Nemelex Xobeh the Trickster
  3446 | D:4      | Reached XP level 7. HP: 27/60 MP: 6/6
  3775 | D:4      | Reached skill level 5 in Fighting
  3854 | D:5      | Entered Level 5 of the Dungeon
  3946 | D:5      | Reached * piety under Nemelex Xobeh
  4261 | D:5      | Reached skill level 1 in Stealth
  4276 | D:5      | Reached XP level 8. HP: 45/70 MP: 7/7
  4537 | D:5      | Found Dumpeu's Magic Scroll Emporium.
  4545 | D:5      | Bought a scroll of identify for 24 gold pieces
  4545 | D:5      | Bought a scroll of identify for 24 gold pieces
  4636 | D:5      | Received a gift from Nemelex Xobeh
  4835 | D:5      | Reached skill level 5 in Shields
  5381 | D:6      | Found a staircase to the Ecumenical Temple.
  5874 | D:6      | Found an iron altar of Okawaru.
  5874 | D:6      | Found a shadowy altar of Dithmenos.
  6003 | D:7      | Reached ** piety under Nemelex Xobeh
  6172 | D:7      | Received a gift from Nemelex Xobeh
  6178 | D:7      | Reached XP level 9. HP: 78/78 MP: 8/8
  6190 | D:7      | Noticed a gargoyle
  6197 | D:7      | Noticed a gargoyle
  6219 | D:7      | Killed a gargoyle
  6220 | D:7      | Reached skill level 10 in Polearms
  6224 | D:7      | Killed a gargoyle
  6233 | D:7      | Killed an unseen horror
  6670 | D:7      | Got Sif Muna's Grimoire of Scree and Misfortune
  6777 | D:7      | Reached XP level 10. HP: 40/88 MP: 5/9
  6951 | D:7      | Reached skill level 5 in Dodging
  7111 | D:7      | Identified the +2 leather armour of Music {rCorr Dex+4}
  7643 | D:8      | Received a gift from Nemelex Xobeh
  7694 | D:8      | Found a runed translucent door.
  7694 | D:8      | Noticed a sixfirhy
  7707 | D:8      | Found a radiant altar of Vehumet.
  7711 | D:8      | Reached *** piety under Nemelex Xobeh
  7984 | D:8      | Found a hazy altar of Hepliaklqana.
  8239 | D:8      | Received a gift from Nemelex Xobeh
  8370 | D:9      | Noticed Psyche
  8391 | D:9      | Killed Psyche
  8397 | D:9      | Reached skill level 10 in Armour
  8542 | D:9      | Identified the +0 scale mail "Jepeufenle" {rF+}
  8670 | D:9      | Found an ornate altar of the Wu Jian Council.
  8713 | D:9      | Received a gift from Nemelex Xobeh
  8830 | D:9      | Noticed a two-headed ogre
  8845 | D:9      | Killed a two-headed ogre
  8846 | D:9      | Reached XP level 11. HP: 99/99 MP: 10/10
  8848 | D:9      | Reached skill level 10 in Fighting
  8916 | D:9      | Found a burning altar of Makhleb.
  9006 | D:9      | Found a white marble altar of Elyvilon.
  9068 | D:10     | Entered Level 10 of the Dungeon
  9068 | D:10     | Found a broken altar of Ashenzari.
  9068 | D:10     | Found a sacrificial altar of Ru.
  9168 | D:10     | Reached **** piety under Nemelex Xobeh
  9196 | D:10     | Found a staircase to the Lair.
  9213 | D:10     | Received a gift from Nemelex Xobeh
  9578 | D:10     | Found a viscous altar of Jiyva.
  9679 | Lair:1   | Entered Level 1 of the Lair of Beasts
 10286 | Lair:1   | Received a gift from Nemelex Xobeh
 10295 | Lair:1   | Found a runed translucent gate.
 10341 | Lair:1   | Found a runed translucent gate.
 10341 | Lair:1   | Found a runed translucent gate.
 10344 | Lair:1   | Noticed Ucoamp's ghost (journeyman MiBe)
 10347 | Lair:1   | Found a viscous altar of Jiyva.
 10645 | Lair:2   | Reached ***** piety under Nemelex Xobeh
 11131 | Lair:2   | Noticed a bog body
 11131 | Lair:2   | Noticed a bog body
 11141 | Lair:2   | Killed a bog body
 11146 | Lair:2   | Killed a bog body
 11151 | Lair:2   | Noticed a bog body
 11366 | Lair:2   | Reached XP level 12. HP: 92/110 MP: 9/11
 11860 | Lair:2   | Found a staircase to the Swamp.
 12589 | D:11     | Found a gate leading to a gauntlet.
 12592 | Gauntlet | Entered a Gauntlet
 12592 | Gauntlet | Found a runed translucent door.
 12592 | Gauntlet | Found a transporter.
 12592 | Gauntlet | Found a runed translucent door.
 12592 | Gauntlet | Found a transporter.
 12610 | Gauntlet | Found a transporter.
 12611 | Gauntlet | Found a transporter.
 12626 | Gauntlet | Found a transporter.
 12630 | Gauntlet | Found a runed translucent door.
 12630 | Gauntlet | Noticed a catoblepas
 12632 | Gauntlet | Found a runed translucent door.
 12634 | Gauntlet | Found a transporter.
 12638 | Gauntlet | Found a transporter.
 12649 | Gauntlet | Found a transporter.
 12662 | Gauntlet | Found a transporter.
 12676 | Gauntlet | Found a transporter.
 12680 | Gauntlet | Found a transporter.
 12688 | Gauntlet | Found a transporter.
 12745 | Gauntlet | Identified the +0 pair of gloves "Kicer" {*Corrode rElec
                  | rC++ Slay+6}
 12914 | Gauntlet | Identified the +10 flail of the Poles {venom, rN++ Str+5}
 12914 | Gauntlet | Noticed a minotaur
 12937 | Gauntlet | Killed a minotaur
 13181 | Gauntlet | Identified the +5 leather armour "Afylatt" {*Corrode +Inv
                  | Int+5 SInv}
 13185 | Gauntlet | Identified the +1 helmet of Grace {Regen+ Dex+3}
 13187 | Gauntlet | Got the Anthology of Foggy Displacement
 13291 | D:11     | Received a gift from Nemelex Xobeh
 13620 | D:11     | Identified the +9 rapier of Qeudec {freeze, Str+3}
 13699 | D:11     | Noticed Urug
 13714 | D:11     | Killed Urug
 13856 | D:12     | Reached skill level 10 in Shields
 14023 | D:12     | Noticed Snorg
 14045 | D:12     | Killed Snorg
 14070 | D:12     | Found a snail-covered altar of Cheibriados.
 14100 | D:12     | Noticed a boulder beetle
 14104 | D:12     | Killed a boulder beetle
 14198 | D:12     | Received a gift from Nemelex Xobeh
 14212 | D:12     | Found a portal to a secret trove of treasure.
 14250 | D:12     | Reached XP level 13. HP: 119/119 MP: 12/12
 14426 | D:12     | Found a staircase to the Orcish Mines.
 14614 | D:12     | Identified the +2 chain mail "Xookh" {rF+ Will++ Int+3
                  | Stlth+}
 14690 | D:13     | Noticed Erolcha
 14691 | Abyss:1  | Cast into level 1 of the Abyss (Erolcha)
 14697 | Abyss:1  | Found a corrupted altar of Lugonu.
 14781 | Abyss:1  | HP: 5/183 [something (7)]
 14782 | Abyss:1  | Slain by a lorocyproca

Illustrated notes

Levels and vault maps discovered:
D:1:      kilobyte_arrival_exit_the_forest, layout_loops_corners, serial_shops,
          shop, kennysheep_flooded_box, palyth_stone_intersect
D:2:      layout_basic, supply_closet_lemuel, uniq_sigmund, uniq_terence
D:3:      kennysheep_goblin_castle, layout_basic, biasface_ghost_orc_armoury,
          chequers_jeans, chequers_arboretum, minmay_misc_feat_iff
D:4:      layout_loops_ring, lemuel_crystal_altar
D:5:      layout_basic, serial_shops, shop, grunt_ministairs_12
D:6:      layout_loops_ring, gammafunk_temple_overflow_wave,
          minmay_temple_entry_ruins, nicolae_grassy_gnolls
D:7:      minmay_the_grid_plus_closed [minmay_the_grid_doors,
          minmay_the_grid_diamond_grid, minmay_the_grid_stretched_grid,
          minmay_the_grid_small_cups, minmay_the_grid_prize_trominoes],
          layout_rooms, st_stairs_10, chequers_serial_rivers_small_b,
          minmay_hedge_maze, minmay_misc_feat_nine_boxes, grunt_decor_junction,
          serial_bayou_ford_a
D:8:      cheibrodos_shockbox, layout_gridville,
          worldfamousw_hep_ancestral_shrine, overflow_temple_1_default
D:9:      layout_rooms, elyvilon_altar_5, mainiacjoe_overflow_catwalk_spiral,
          uniq_psyche
D:10:     layout_rooms, chequers_temple_overflow_statue_of_worship,
          lair_entry_dummy, jiyva_altar_1
D:11:     layout_big_octagon, gauntlet_entry_generic, uniq_urug
D:12:     layout_roguey, zombieorc2_lemuel, nicolae_trove_entry_isolated,
          slow_altar_1, uniq_snorg
D:13:     layout_small_grid, uniq_erolcha
Lair:1:   layout_cave_pods, gammafunk_ghost_ooze, minmay_stone_trees_medium,
          minmay_holes, nicolae_quartered_pool_little, small_statue_intersection
Lair:2:   layout_chaotic_city, nicolae_swamp_entry_splash_gauntlet,
          portal_ice_cave_demonic_guard, grunt_megastairs_2,
          serial_bayou_shore_b
Abyss:1:  base:
D:1

Skill      XL: |  1  2  3  4  5  6  7  8  9 10 11 12 13 |
---------------+----------------------------------------+-----
Shields        | 4 5 6 7 9 10 | 10.5
Fighting       | 4 5 6 7 9 11 12 13 | 13.1
Armour         | 4 5 6 7 8 10 12 14 | 14.5
Polearms       | 3 4 6 7 9 11 12 13 14 | 14.4
Dodging        | 1 2 3 4 5 6 |  6.0
Stealth        | 1 2 3 |  3.1
Throwing       | |  0.1
Evocations     | |  0.4

Action                     |  1- 3 |  4- 6 |  7- 9 | 10-12 | 13-15 || total
---------------------------+-------+-------+-------+-------+-------++-------
  Melee: Trident           |   102 |   196 |   140 |       |       ||   438
         Headbutt          |    12 |    23 |    41 |   155 |    27 ||   258
         Spear             |       |       |   133 |   705 |   145 ||   983
  Throw: Stone             |       |     2 |     1 |       |       ||     3
 Invoke: Draw Summoning    |       |       |       |     3 |       ||     3
         Draw Destruction  |       |       |       |     1 |       ||     1
         Draw Escape       |       |       |       |       |     2 ||     2
  Evoke: Wand              |       |       |     2 |     1 |       ||     3
         Condenser vane    |       |       |       |       |     1 ||     1
    Use: Scroll            |     3 |     5 |     4 |     5 |     1 ||    18
         Potion            |     2 |     6 |     8 |     4 |     2 ||    22
   Stab: Paralysed         |       |       |     3 |       |       ||     3
 Armour: Scale mail        |    34 |   114 |   111 |       |       ||   259
         Plate armour      |       |       |     4 |   194 |       ||   198
         Chain mail        |       |       |       |    65 |    39 ||   104
         Skin              |       |       |       |     2 |    15 ||    17
  Dodge: Dodged            |    26 |    97 |    71 |   126 |    28 ||   348
  Block: Buckler           |    18 |    41 |    46 |   150 |    33 ||   288
